 Dungeon Crawl Stone Soup version 0.19-a0-1079-g88a7474 (webtiles) character file.

171583 seren the Unseen (level 17, -4/89 HPs)
             Began as a Spriggan Enchanter on Aug 6, 2016.
             Was a High Priest of Ashenzari.
             Killed by angry trees
             ... awakened by a spriggan druid
              (13 damage)
             ... on level 4 of the Swamp.
             The game lasted 05:36:16 (61182 turns).

seren the Unseen (Spriggan Enchanter)              Turns: 61182, Time: 05:36:17

Health: -4/89      AC:  7    Str:  7    XL:     17   Next: 39%
Magic:  39/39      EV: 34    Int: 23    God:    Ashenzari [*****.]
Gold:   1523       SH: 10    Dex: 27    Spells: 11 memorised, 12 levels left

rFire  . . .     SeeInvis +     q - +7 rapier of Devotion {pierce, rPois}
rCold  . . .     Gourm    .     Y - +4 robe of Augmentation {Str+4 Int+4 Dex+4} (curse)
rNeg   . . .     Faith    .     e - +1 buckler (curse)
rPois  +         Spirit   .     (helmet restricted)
rElec  .         Dismiss  +     t - +0 cloak
rCorr  .         Reflect  .     (gloves unavailable)
SustAt .         Harm     .     (boots unavailable)
MR     ++...     Clarity  +     z - amulet of dismissal
Stlth  ++++++++..               M - ring of wizardry
                                s - +3 ring of dexterity

@: very slightly contaminated, very quick
A: unfitting armour, see invisible, herbivore 3, speed 3, slow metabolism 2,
weak 1
a: Curse Item, Scrying, Transfer Knowledge, Renounce Religion


You were on level 4 of the Swamp.
You worshipped Ashenzari.
Ashenzari was extremely pleased with you.
You were not hungry.

You visited 6 branches of the dungeon, and saw 32 of its levels.
You also visited: Ice Cave.

You collected 3336 gold pieces.
You spent 1813 gold pieces at shops.

Inventory:

Hand Weapons
 q - the +7 rapier of Devotion (weapon) {pierce, rPois}
   (You bought it in a shop on level 2 of the Orcish Mines)

   It inflicts extra damage upon your enemies.
   It protects you from poison.
 w - a +2 short sword of freezing
Missiles
 j - 884 stones (quivered)
Armour
 e - a cursed +1 buckler (worn)
 t - a +0 cloak (worn)
 Y - the cursed +4 robe of Augmentation (worn) {Str+4 Int+4 Dex+4}
   (You found it on level 6 of the Lair of Beasts)

   It affects your strength (+4).
   It affects your intelligence (+4).
   It affects your dexterity (+4).
   It has a curse placed upon it.
Rods
 r - a +5 iron rod (13/13)
   (You found it on level 13 of the Dungeon)
Jewellery
 a - an uncursed ring of resist corrosion
 k - an uncursed ring of protection from magic
 s - a +3 ring of dexterity (left hand)
 z - an amulet of dismissal (around neck)
 I - an uncursed ring of positive energy
 M - a ring of wizardry (right hand)
Wands
 b - a wand of disintegration (10/24)
 o - a wand of flame (19/48)
 B - a wand of acid (7/15)
 E - a wand of acid (5/15)
 J - a wand of iceblast (5/15)
 K - a wand of paralysis (12/24)
 S - a wand of lightning (13/15)
 X - a wand of flame (2/48)
Scrolls
 f - 2 scrolls of amnesia
 g - a scroll of enchant weapon
 i - 3 scrolls of magic mapping
 p - 9 scrolls of teleportation
 y - 3 scrolls of recharging
 F - 3 scrolls of blinking
 P - 4 scrolls of fog
 Q - 8 scrolls of remove curse
 R - 11 scrolls of identify
 Z - 3 scrolls of fear
Potions
 h - 2 potions of resistance
 u - 4 potions of haste
 v - a potion of lignification
 x - 3 potions of brilliance
 A - 10 potions of curing
 C - 3 potions of ambrosia
 D - 5 potions of heal wounds
 G - 2 potions of invisibility
 U - a potion of magic
 V - 2 potions of might
 W - 4 potions of agility
Books
 c - a book of Burglary

   Spells                             Type                      Level
   a - Swiftness                      Charms/Air                   2
   b - Passwall                       Transmutation/Earth          2
   c - Passage of Golubria            Translocation                4
   d - Lee's Rapid Deconstruction     Earth                        5
   e - Darkness                       Hexes                        6
   f - Invisibility                   Hexes                        6
 l - a book of Summonings

   Spells                             Type                      Level
   a - Recall                         Summoning/Translocation      3
   b - Aura of Abjuration             Summoning                    5
   c - Summon Demon                   Summoning                    5
   d - Summon Forest                  Summoning/Translocation      5
   e - Summon Mana Viper              Hexes/Summoning              5
   f - Shadow Creatures               Summoning                    6
 n - a book of Enchantments

   Spells                             Type                      Level
   a - Cause Fear                     Hexes                        4
   b - Yara's Violent Unravelling     Hexes/Transmutation          5
   c - Silence                        Hexes/Air                    5
   d - Deflect Missiles               Charms/Air                   6
   e - Haste                          Charms                       6
   f - Discord                        Hexes                        8
Miscellaneous
 m - a fan of gales
 O - a phial of floods
Comestibles
 d - 17 bread rations
 L - 18 fruits


   Skills:
 - Level 10.0 Fighting
 - Level 11.2 Short Blades
 - Level 14.0 Dodging
 - Level 17.0 Stealth
 - Level 4.0(6.5) Shields
 - Level 17.0 Spellcasting
 + Level 15.1 Hexes
 - Level 3.0 Charms
 - Level 9.0 Summonings
 - Level 2.0 Translocations
 - Level 10.3 Evocations


You had 12 spell levels left.
You knew the following spells:

 Your Spells              Type           Power        Failure   Level  Hunger
a - Apportation           Tloc           ####......   1%          1    None
b - Blink                 Tloc           N/A          1%          2    None
c - Confuse               Hex            ######..     1%          3    None
d - Tukima's Dance        Hex            ######..     1%          3    None
e - Ensorcelled Hibernat  Hex/Ice        ######       1%          2    None
f - Shadow Creatures      Summ           N/A          4%          6    ####...
g - Corona                Hex            ######.      0%          1    None
h - Haste                 Chrm           ####....     71%         6    ####...
i - Invisibility          Hex            ######..     1%          6    ####...
s - Dazzling Spray        Conj/Hex       ######       1%          3    None
v - Summon Mana Viper     Hex/Summ       ######..     1%          5    #......


Dungeon Overview and Level Annotations

Branches:
Dungeon (15/15)            Temple (1/1) D:6            Lair (6/6) D:9
  Swamp (4/4) Lair:3       Spider (4/4) Lair:3        Slime (0/5) Lair:5
    Orc (2/2) D:11            Elf (0/3) Orc:2        Vaults (0/5) D:14
 Depths (0/5) D:15

Altars:
Ashenzari
Cheibriados
Dithmenos
Elyvilon
Gozag
Hepliaklqana
Kikubaaqudgha
Makhleb
Nemelex Xobeh
Okawaru
Pakellas
Qazlal
Ru
Sif Muna
Trog
Uskayaw
Vehumet
Xom
Yredelemnul
Zin
The Shining One
Beogh

Shops:
D:15 *   Orc:2 :**([

Annotations:
D:8 4thArraOfDagon's ghost, amateur CeAK
D:10 hill giant, Josephine
D:13 iron dragon
Lair:4 1 exclusion
Lair:5 catopeblas
Swamp:2 shambling mangrove, exclusion: Roxanne, Roxanne
Spider:1 Frances
Spider:4 Arachne; Asterion
Orc:2 orc warlord


Innate Abilities, Weirdness & Mutations

You are tiny and cannot use many weapons and most armour.
You have supernaturally acute eyesight. (SInv)
You are a herbivore.
You cover ground extremely quickly.
You need consume almost no food.
You are weak. (Str -2)


Message History

You are hit by a branch!
You block the spriggan druid's attack.
You closely miss the spriggan druid.
The spriggan druid is severely wounded.
You barely miss the spriggan druid.
The spriggan druid is severely wounded.
The trees move their gnarly branches around.
A tree reaches out and hits you!
The spriggan druid hits you with an enchanted quarterstaff!!
* * * LOW HITPOINT WARNING * * *
You closely miss the spriggan druid.
The spriggan druid is severely wounded.
You are hit by a branch!
* * * LOW HITPOINT WARNING * * *
The spriggan druid calls out to the beasts of the wild!
Blink to where?
Press: ? - help, Dir - move target cursor You are very lightly contaminated with residual magic.
As you read the scroll of blinking, it crumbles to dust.
You are hit by a branch!
You die...

♣♣♣♣≈♣♣ ♣≈≈≈≈......≈♣§§§♣♣≈[
♣♣♣..≈♣♣♣♣♣♣♣≈.....♣♣♣♣♣§♣♣§♣♣♣
♣♣♣......♣♣≈♣♣♣♣♣......≈♣♣♣♣♣♣♣*
.≈.....≈≈♣≈..§♣ ♣≈..≈≈≈≈.♣ * *
≈.≈≈≈..≈≈≈♣≈≈♣♣ ♣♣♣≈.≈≈≈.♣ ≈..≈
≈≈≈≈≈≈...♣...♣♣♣♣♣♣.≈≈≈♣♣♣♣♣♣♣♣..
≈≈..≈≈≈.≈♣≈...♣≈♣♣≈.≈i≈♣ ♣♣♣♣♣♣.
..≈.≈≈≈§...≈≈....♣♣≈≈§♣♣ ♣♣♣♣♣♣♣.
.≈≈≈≈≈≈...≈≈≈≈..@≈..≈.♣ ♣♣♣♣♣♣♣♣≈
.≈≈.≈≈.≈♣≈..<≈♣§≈≈≈≈≈.♣♣♣♣♣♣♣♣♣.≈
♣≈.≈≈.≈≈≈.♣.≈.♣♣♣≈.≈≈.§≈≈.♣♣♣♣♣..
♣♣♣♣♣.≈≈≈.≈≈≈≈♣♣♣≈.≈..≈≈≈.♣♣♣♣≈≈≈
♣♣..≈≈≈≈≈≈≈≈.♣♣♣≈≈≈.≈≈≈..≈§.≈≈≈
♣♣≈.§≈≈≈≈≈≈§≈.♣♣..≈≈≈≈≈..≈≈≈≈≈≈≈
♣♣≈..≈§≈§..≈≈≈≈§≈.....≈≈≈.≈≈≈≈≈§.
♣.≈≈≈≈≈≈.≈..≈≈≈≈≈≈≈§≈≈≈≈≈.≈≈≈≈≈.♣
♣≈≈≈≈≈≈≈≈♣.≈≈≈≈≈≈≈≈≈≈≈≈.....≈≈.≈≈


You could see a spriggan druid.

Vanquished Creatures
  Jorgrun (Swamp:2)
  2 orc warlords (Orc:2)
  The ghost of sergedm the Impaler, a journeyman MiGl of the Shining One (Spider:1)
  The ghost of Kidiri the Eclecticist, an adept DEFE of Vehumet (Swamp:1)
  Louise (Spider:3)
  An emperor scorpion (Spider:2)
  2 entropy weavers
  Snorg (Lair:4)
  16 hydras
  3 vault guards (D:14)
  An ice dragon (D:15)
  An ogre mage (D:15)
  An anaconda (Lair:5)
  A centaur warrior (D:15)
  Erica (D:10)
  2 tengu warriors (D:15)
  11 alligators
  Urug (Lair:2)
  5 orc high priests
  5 unseen horrors
  A spriggan druid (Swamp:4)
  5 swamp dragons
  2 deep trolls (D:15)
  11 hill giants
  A wolf spider zombie (D:13)
  A shambling mangrove (Swamp:3)
  A deep elf mage (D:13)
  5 orc knights
  31 wolf spiders
  13 orb spiders
  5 hornets
  2 griffons
  2 ugly things (D:11)
  2 moths of wrath
  3 manticores
  7 orc sorcerers
  4 cyclopes
  5 black mambas
  Joseph (D:10)
  3 elephants
  15 spiny frogs
  2 gargoyles
  5 rime drakes
  7 komodo dragons
  An ice devil (IceCv)
  A rime drake (shapeshifter) (D:15)
  12 demonic crawlers
  2 tengu conjurers
  22 jumping spiders
  3 meliai (D:13)
  6 two-headed ogres
  10 slime creatures
  A queen bee (D:13)
  10 trolls
  A harpy skeleton (D:15)
  2 wolf spider simulacra (D:15)
  2 dancing weapons (Orc:2)
  9 polar bears
  5 giant leeches
  5 bog bodies
  6 shadows
  2 centaur simulacra (D:15)
  78 redbacks
  12 spriggans
  2 water elementals (D:15)
  51 yaks
  3 vampires
  45 tarantellas
  3 wyverns
  5 basilisks
  4 wraiths
  10 hippogriffs
  2 hungry ghosts (D:12)
  3 hogs (Spider:1)
  A steam dragon (shapeshifter) (D:14)
  23 vampire mosquitoes
  22 swamp worms
  5 insubstantial wisps (Swamp:2)
  A mottled dragon (D:13)
  6 wargs
  16 water moccasins
  5 porcupines
  A hornet simulacrum (D:15)
  6 ice beasts
  11 swamp drakes
  32 orc warriors
  2 sky beasts
  4 wasps
  An eye of draining (D:15)
  5 phantoms
  4 black bears
  A necrophage (D:8)
  9 ogres
  16 crocodiles
  25 wolves
  4 centaurs
  3 boggarts (Lair:6)
  A big kobold (D:9)
  22 giant frogs
  A gnoll sergeant (D:5)
  A wyvern skeleton (D:12)
  5 scorpions
  25 killer bees
  21 wights
  13 howler monkeys
  3 electric eels
  4 crimson imps
  A giant frog zombie (D:5)
  2 jellies
  13 orc priests
  5 hounds
  14 orc wizards
  2 centaur skeletons
  10 iguanas
  16 worker ants
  16 sheep
  A hound skeleton (D:9)
  2 worker ant zombies
  6 gnolls
  A howler monkey skeleton (D:9)
  15 adders
  14 river rats
  3 shadow imps
  An adder skeleton (D:4)
  5 worms
  5 dart slugs
  2 giant geckos
  61 orcs
  6 bats
  8 giant cockroaches
  7 hobgoblins
  5 jackals
  3 quokkas
  2 ball pythons
  A giant gecko skeleton (D:7)
  6 giant newts
  10 goblins
  A jackal skeleton (D:6)
  12 kobolds
  17 rats
  A fungus (Lair:6)
1083 creatures vanquished.

Vanquished Creatures (collateral kills)
  A thorn hunter (Swamp:4)
  Kirke (Spider:1)
  A shambling mangrove (Swamp:3)
  An orb spider (Spider:1)
  A jumping spider (Spider:1)
  3 spriggans
  A vampire mosquito (Swamp:2)
  5 wasps
  A wolf (Lair:6)
  5 wights
  2 gnolls (D:5)
  4 orcs
26 creatures vanquished.

Vanquished Creatures (others)
  A human (Spider:1)
  14 dancing weapons
  A jelly (D:11)
  An orc priest (Orc:1)
  16 fungi
  9 plants
42 creatures vanquished.

Grand Total: 1151 creatures vanquished

Notes
Turn   | Place    | Note
-------+----------+-------------------------------------------
     0 | D:1      | seren the Spriggan Enchanter began the quest for the Orb.
     0 | D:1      | Reached XP level 1. HP: 9/9 MP: 5/5
   588 | D:1      | Reached XP level 2. HP: 9/13 MP: 6/6
   823 | D:1      | Reached skill level 5 in Stealth
  1811 | D:2      | Reached XP level 3. HP: 16/16 MP: 8/8
  1966 | D:2      | Learned a level 3 spell: Confuse
  2666 | D:2      | Found a shadowy altar of Dithmenos.
  3186 | D:3      | Reached XP level 4. HP: 21/21 MP: 5/9
  3209 | D:3      | Found a basalt altar of Yredelemnul.
  3209 | D:3      | Found a bloodstained altar of Trog.
  3356 | D:3      | Learned a level 2 spell: Ensorcelled Hibernation
  3377 | D:3      | Noticed a giant frog
  3383 | D:3      | Killed a giant frog
  3383 | D:3      | Reached XP level 5. HP: 24/24 MP: 10/10
  3881 | D:4      | Found a sacrificial altar of Ru.
  6347 | D:4      | Reached XP level 6. HP: 28/28 MP: 5/12
  6516 | D:5      | Entered Level 5 of the Dungeon
  7772 | D:5      | Reached skill level 5 in Hexes
  8510 | D:5      | Learned a level 3 spell: Tukima's Dance
  8773 | D:5      | Reached skill level 5 in Spellcasting
  9922 | D:5      | Reached skill level 5 in Short Blades
  9922 | D:5      | Reached XP level 7. HP: 32/32 MP: 9/16
 10054 | D:6      | Found a staircase to the Ecumenical Temple.
 10059 | Temple   | Entered the Ecumenical Temple
 10216 | Temple   | Became a worshipper of Ashenzari the Shackled
 10352 | D:6      | Reached skill level 1 in Fighting
 10831 | D:6      | Reached skill level 5 in Dodging
 11482 | D:7      | Reached XP level 8. HP: 40/40 MP: 12/17
 11501 | D:7      | Found a shimmering altar of Xom.
 11555 | D:7      | Found a snail-covered altar of Cheibriados.
 12374 | D:6      | Learned a level 3 spell: Dazzling Spray
 12840 | D:7      | Reached * piety under Ashenzari
 13007 | D:7      | Reached XP level 9. HP: 45/45 MP: 4/18
 13516 | D:8      | Found a radiant altar of Vehumet.
 13571 | D:8      | Found a hide-covered altar of Uskayaw.
 13572 | D:8      | Noticed 4thArraOfDagon's ghost (amateur CeAK)
 14729 | D:9      | Found a deep blue altar of Sif Muna.
 14819 | D:9      | Found a staircase to the Lair.
 15223 | Lair:1   | Entered Level 1 of the Lair of Beasts
 15747 | D:10     | Entered Level 10 of the Dungeon
 15817 | D:10     | Reached skill level 10 in Stealth
 16035 | D:10     | Reached XP level 10. HP: 49/49 MP: 19/23
 16087 | D:10     | Reached skill level 10 in Dodging
 16288 | D:10     | Noticed a hill giant
 16589 | Lair:1   | Reached skill level 10 in Short Blades
 16749 | Lair:1   | Noticed a spiny frog
 16860 | Lair:1   | Reached ** piety under Ashenzari
 16905 | Lair:1   | Killed a spiny frog
 17569 | Lair:2   | Found a white marble altar of Elyvilon.
 17918 | Lair:2   | Reached XP level 11. HP: 48/53 MP: 21/25
 18299 | Lair:1   | Reached skill level 1 in Evocations
 18640 | Lair:2   | Noticed Urug
 18715 | Lair:2   | Killed Urug
 18727 | Lair:2   | Reached skill level 5 in Evocations
 19206 | Lair:3   | Found a hole to the Spider Nest.
 19352 | Lair:3   | Noticed a griffon
 19366 | Lair:3   | Killed a griffon
 19631 | Lair:3   | Reached skill level 1 in Shields
 19919 | Lair:3   | Identified the +0 scale mail "Ejuce" {rElec rC- Int+4} (You found it on level 7 of the Dungeon)
 20059 | Lair:3   | Found a staircase to the Swamp.
 20976 | Lair:4   | Reached skill level 15 in Stealth
 21044 | Lair:4   | Reached XP level 12. HP: 58/58 MP: 11/26
 21128 | Lair:4   | Found an iron altar of Okawaru.
 21192 | Lair:4   | Noticed Snorg
 21805 | Lair:4   | Killed Snorg
 22339 | Lair:5   | Noticed a catoblepas
 22414 | Lair:5   | Reached *** piety under Ashenzari
 22871 | Lair:5   | Found a staircase to the Slime Pits.
 22884 | Lair:5   | Reached skill level 10 in Hexes
 22905 | Lair:5   | Identified the cursed +1 scale mail "Ekomama" {rC- Int+7 Stlth+}
 23080 | Lair:5   | Noticed an anaconda
 23082 | Lair:5   | Killed an anaconda
 23151 | Lair:6   | Entered Level 6 of the Lair of Beasts
 23176 | Lair:6   | Found a stormy altar of Qazlal.
 23499 | Lair:6   | Reached skill level 5 in Fighting
 23744 | Lair:6   | Noticed a five-headed hydra
 23759 | Lair:6   | Killed a five-headed hydra
 24338 | Lair:6   | Noticed a four-headed hydra
 24354 | Lair:6   | Killed a four-headed hydra
 24354 | Lair:6   | Reached XP level 13. HP: 65/65 MP: 21/27
 24502 | Lair:6   | Reached **** piety under Ashenzari
 26152 | D:10     | Noticed Joseph
 26157 | D:10     | Killed Joseph
 26346 | D:10     | Noticed Josephine
 26398 | D:10     | Noticed Erica
 26409 | D:10     | Killed Erica
 26750 | D:11     | Found a staircase to the Orcish Mines.
 27637 | Orc:1    | Entered Level 1 of the Orcish Mines
 27989 | Orc:1    | Found a bloodstained altar of Trog.
 28699 | Orc:2    | Entered Level 2 of the Orcish Mines
 28699 | Orc:2    | Found Nischig's Assorted Antiques.
 29577 | Orc:2    | Gained mutation: You are weak. (Str -2) [a neqoxec]
 30450 | Orc:2    | Found Guybeymm's General Store.
 30487 | Orc:2    | Bought a scroll of blinking for 97 gold pieces
 30524 | Orc:2    | Found Zisayjats's Book Boutique.
 30527 | Orc:2    | Noticed an orc warlord
 31756 | D:13     | Reached XP level 14. HP: 75/75 MP: 28/28
 31762 | D:13     | Got the hunting sling of Veas {venom, rF- rC+ MR++ Str+3}
 32875 | D:13     | Learned a level 5 spell: Summon Mana Viper
 33029 | Lair:1   | Identified a scroll of acquirement
 33317 | D:13     | Reached skill level 1 in Summonings
 33558 | D:14     | Reached ***** piety under Ashenzari
 33724 | D:14     | Found a gate to the Vaults.
 34311 | D:13     | Noticed an iron dragon
 35107 | D:15     | Entered Level 15 of the Dungeon
 35212 | D:15     | Found a frozen archway.
 35246 | D:15     | Reached skill level 5 in Summonings
 35353 | IceCv    | Entered an ice cave
 36839 | Orc:2    | Killed an orc warlord
 37010 | Orc:2    | Found Ipnunec's Antique Armour Shop.
 37018 | Orc:2    | Noticed an orc warlord
 37560 | Orc:2    | Reached skill level 10 in Spellcasting
 37692 | Orc:2    | Killed an orc warlord
 37698 | Orc:2    | Bought a fabulously ornate robe for 153 gold pieces
 37698 | Orc:2    | Identified the cursed +1 robe "Tihifar" {rPois Int+4} (You bought it in a shop on level 2 of the Orcish Mines)
 37868 | Orc:2    | Found a staircase to the Elven Halls.
 37879 | Orc:2    | Found Zient's Antique Weapon Emporium.
 37896 | Orc:2    | Bought an ancient rapier for 288 gold pieces
 37938 | Orc:2    | Reached XP level 15. HP: 79/79 MP: 30/30
 37943 | Orc:2    | Found a roughly hewn altar of Beogh.
 38120 | Orc:2    | Identified Sif Muna's Witchery, Part Two
 38126 | Orc:2    | Learned a level 2 spell: Blink
 40066 | Swamp:1  | Entered Level 1 of the Swamp
 40066 | Swamp:1  | Identified the cursed +0 plate armour "Datzyxtett" {rPois MP-9 Dex+3}
 40319 | Swamp:1  | Noticed Kidiri's ghost (adept DEFE)
 40344 | Swamp:1  | Reached skill level 1 in Translocations
 41253 | Swamp:1  | Killed Kidiri's ghost
 42065 | Swamp:2  | Noticed Roxanne
 42098 | Swamp:2  | Reached skill level 10 in Fighting
 42228 | Swamp:2  | Noticed Jorgrun
 42378 | Swamp:2  | Killed Jorgrun
 42640 | Swamp:2  | Identified the +7 rapier of Devotion {pierce, rPois} (You bought it in a shop on level 2 of the Orcish Mines)
 44418 | Swamp:3  | Identified the +2 scale mail of the World {*Confuse Regen+ Dex+3}
 44546 | Swamp:3  | Reached skill level 15 in Hexes
 45052 | Swamp:4  | Entered Level 4 of the Swamp
 45614 | Swamp:2  | Learned a level 6 spell: Haste
 46020 | Swamp:4  | Noticed a thorn hunter
 46419 | Spider:1 | Entered Level 1 of the Spider Nest
 46457 | Spider:1 | Noticed sergedm's ghost (journeyman MiGl)
 46485 | Spider:1 | Reached skill level 10 in Evocations
 47174 | Spider:1 | Killed sergedm's ghost
 47448 | Orc:2    | Bought a book of Burglary for 1275 gold pieces
 47455 | Orc:2    | Learned a level 6 spell: Invisibility
 47877 | D:15     | Found an opulent altar of Gozag.
 47879 | D:15     | Found Gozag's Platinum Reserve.
 47932 | D:15     | Reached XP level 16. HP: 65/85 MP: 21/33
 48034 | D:15     | Found a staircase to the Depths.
 49472 | Spider:1 | Identified the Collected Works on the Burning Entourage
 49556 | Spider:1 | Noticed Kirke
 49611 | Spider:1 | Killed Kirke
 50267 | Spider:1 | Noticed Frances
 53948 | Spider:2 | Reached skill level 15 in Spellcasting
 56012 | Spider:4 | Entered Level 4 of the Spider Nest
 56012 | Spider:4 | Noticed Asterion
 56062 | Spider:4 | Noticed Louise
 56181 | Spider:3 | Killed Louise
 56600 | Spider:2 | Learned a level 6 spell: Shadow Creatures
 56658 | Spider:3 | Reached skill level 1 in Charms
 57041 | Lair:1   | Learned a level 1 spell: Apportation
 57257 | Spider:3 | Reached XP level 17. HP: 84/89 MP: 23/37
 57608 | Spider:4 | Noticed Arachne
 61182 | Swamp:4  | Killed from afar by a spriggan druid

Vault maps used:
D:1:      dpeg_cavernosity, hangedman_decor_lopped
D:2:      lemuel_coloured_pillars_altar
D:3:      gammafunk_temple_overflow_elements, minmay_misc_feat_pillars,
          minmay_goblin_kobold_house
D:4:      first_bread, nicolae_ru_awakened_eye
D:5:      lightli_minifort
D:7:      nicolae_overflow_crystal_walls, xom_butterflies
D:8:      kennysheep_little_box, vehumet_crystals
D:9:      lemuel_blue_sif_altar, dpeg_lair_monsters, blue_anna_alchemist
D:10:     kennysheep_pointless_box, uniq_joseph, uniq_erica, uniq_josephine
D:11:     orc_0_dummy, corexii_checkpoint_a
D:13:     minmay_roctagon, special_room
D:14:     lightli_vaults_fourway_checkpoint, minmay_misc_feat_cross,
          feat_on_display
D:15:     hangedman_depths_entry_civil_slaughter, minmay_misc_feat_rugged,
          serial_ice, serial_ice_l, serial_ice_a, serial_ice_m, serial_ice_e,
          serial_ice_g, serial_ice_h, serial_ice_d, serial_ice_c,
          portal_ice_cave_entry_animals_and_master,
          nicolae_gozag_zags_fifth_avenue
Temple:   dpeg_chambers_temple
Lair:2:   basic_altar, minivault_24, serial_bayou_shore_b, uniq_urug
Lair:3:   minmay_swamp_entry_reptiles, nicolae_spider_entry_non_spiders,
          infiniplex_staircase_pool
Lair:4:   lemuel_centaur_altar, uniq_snorg
Lair:5:   beast_lair_carwin_large_2, dpeg_slime_entry_corner,
          serial_bayou_shore_b
Lair:6:   minmay_lair_end_enchanted_forest, basic_altar,
          grunt_forest_small_clearings, eino_small_chamber_without_monster,
          serial_bayou_lagoon_b
Swamp:1:  evilmike_swamp_ruin_rubble_1
Swamp:2:  evilmike_swamp_ruin_house_2, infiniplex_staircase_pool_2,
          uniq_roxanne, uniq_jorgrun
Swamp:3:  evilmike_swamp_ruin_house_1
Swamp:4:  swamp
Spider:1: nicolae_spider_ant_collections, uniq_frances, uniq_kirke
Spider:2: spiders_nest_spider_trap
Spider:4: grunt_spider_rune_circles, uniq_arachne, uniq_louise, uniq_asterion
Orc:1:    basic_altar, nicolae_orc_sculptors_studio
Orc:2:    grunt_orc_gardens, grunt_orc_garden, grunt_orc_garden,
          grunt_orc_garden, grunt_orc_garden, basic_altar, serial_shops, shop,
          nicolae_orc_jurassic_orc, library_closet
IceCv:    ice_cave_tombish

Skill      XL: |  1  2  3  4  5  6  7  8  9 10 11 12 13 14 15 16 17 |
---------------+----------------------------------------------------+-----
Short Blades   | 2 3 4 5 7 8 10 11 | 11.2
Stealth        | 5 6 7 10 12 15 17 | 17.0
Spellcasting   | 3 5 8 9 10 12 15 17 | 17.0
Hexes          | 4 5 6 7 12 13 15 | 15.1
Fighting       | 3 4 5 9 10 | 10.0
Dodging        | 6 8 9 10 11 12 13 14 | 14.0
Evocations     | 8 9 10 | 10.3
Shields        | 3 4 |  4.0
Summonings     | 6 9 |  9.0
Translocations | 2 |  2.0
Charms         | 2 3 |  3.0

Action                   |  1- 3 |  4- 6 |  7- 9 | 10-12 | 13-15 | 16-18 || total
-------------------------+-------+-------+-------+-------+-------+-------++-------
Melee: Dagger            |   184 |   511 |   280 |   411 |  1370 |       ||  2756
       Rapier            |       |       |       |       |   329 |  1012 ||  1341
Throw: Stone             |       |       |     3 |       |     6 |     1 ||    10
 Cast: Confuse           |     2 |    24 |    44 |    26 |   331 |   126 ||   553
       Ensorcelled Hiber |       |    39 |    72 |   128 |    84 |    20 ||   343
       Tukima's Dance    |       |     6 |     2 |       |    55 |    14 ||    77
       Corona            |       |     4 |       |       |       |       ||     4
       Dazzling Spray    |       |       |     3 |    43 |    49 |    98 ||   193
       Summon Mana Viper |       |       |       |       |    21 |    10 ||    31
       Apportation       |       |       |       |       |       |     1 ||     1
Invok: Curse Item        |       |       |       |     2 |       |     1 ||     3
       Scrying           |       |       |       |       |     1 |       ||     1
Evoke: Wand              |       |       |       |     5 |    10 |       ||    15
       Sack of spiders   |       |       |       |     1 |     1 |       ||     2
       Rod               |       |       |       |       |     3 |       ||     3
       Fan of gales      |       |       |       |       |     1 |       ||     1
       Phial of floods   |       |       |       |       |     1 |       ||     1
  Use: Scroll            |       |    19 |     8 |     1 |     9 |     4 ||    41
       Potion            |       |       |       |       |     2 |       ||     2
 Stab: Sleeping          |    16 |    30 |    60 |   124 |   115 |    28 ||   373
       Distracted        |     1 |     2 |     2 |     7 |    13 |     9 ||    34
       Confused          |       |    13 |    24 |    21 |   211 |    70 ||   339
       Invisible         |       |       |     1 |    12 |    13 |    28 ||    54
       Paralysed         |       |       |       |     1 |       |       ||     1
  Eat: Pizza             |       |     2 |     1 |     1 |       |       ||     4
       Royal jelly       |       |     2 |     1 |       |       |       ||     3
       Bread ration      |       |     1 |     1 |       |     1 |       ||     3
       Fruit             |       |       |       |     2 |    23 |    15 ||    40
Armor: Robe              |    17 |    33 |    10 |     9 |    25 |    40 ||   134
Dodge: Dodged            |   100 |   326 |   135 |   207 |   850 |   952 ||  2570
Block: Buckler           |       |       |       |    14 |   436 |   454 ||   904
